 Dungeon Crawl Stone Soup version 0.30-a0-586-g23e55c9e0a (webtiles) character file.

Game seed: 11185269317159561015

183 flotson the Sneak (level 5, -3/25 (41) HPs)
             Began as a Demonspawn Delver on Jan 3, 2023.
             Was an Initiate of Hepliaklqana.
             Slain by a kobold
             ... wielding a +0 whip
              (5 damage)
             ... in a sewer.
             The game lasted 00:04:53 (1248 turns).

flotson the Sneak (Demonspawn Delver)               Turns: 1248, Time: 00:04:54

HP:   -3/25 (41)    AC:  5    Str: 18    XL:     5   Next: 35%
MP:   6/6           EV: 11    Int: 11    God:    Hepliaklqana [......]
Gold: 15            SH:  0    Dex: 11    Spells: 4/4 levels left

rFire   . . .      SeeInvis .    b - +4 dagger
rCold   . . .      Faith    .    (no shield)
rNeg    . . .      Spirit   .    h - +0 ring mail
rPois   .          Reflect  .    (no helmet)
rElec   .          Harm     .    (no cloak)
rCorr   .          Rampage  .    (no gloves)
Will    .....                    (no boots)
Stlth   ++                       (no amulet)
HPRegen 0.24/turn                (no ring)
MPRegen 0.20/turn                (no ring)

@: very heavily drained
A: magic regeneration, clumsy 1, strong 1
a: Renounce Religion


You were in a sewer.
You worshipped Hepliaklqana.
Hepliaklqana was noncommittal.
You visited 2 branches of the dungeon, and saw 4 of its levels.
You also visited: Sewer.

You collected 15 gold pieces.

Inventory:

Hand Weapons
 a - a +0 hand axe
 b - a +4 dagger (weapon)
Missiles
 e - 12 poisoned darts (quivered)
Armour
 h - a +0 ring mail (worn)
Wands
 g - a wand of digging (3)
Scrolls
 c - a scroll of fog
 d - a scroll of magic mapping


   Skills:
 + Level 3.5 Fighting
 + Level 2.3 Axes
 + Level 1.4 Throwing
 + Level 1.5 Armour
 + Level 2.3 Dodging
 + Level 4.9 Stealth
 + Level 1.9 Invocations
 + Level 1.3 Evocations


You had 4 spell levels left.
You didn't know any spells.
Your spell library was empty.

Dungeon Overview and Level Annotations

Branches:
Dungeon (5/15)             Temple (1/1) D:5           Sewer (1/1)

Altars:
Ashenzari
Fedhas
Hepliaklqana
Kikubaaqudgha
Trog
Wu Jian


Innate Abilities, Weirdness & Mutations

You regenerate magic rapidly.
You are clumsy. (Dex -2)
Your muscles are strong. (Str +4, Int/Dex -1)


Message History

* * * LOW HITPOINT WARNING * * *
The kobold brigand hits you with a +1 dagger of draining.
* * * LOW HITPOINT WARNING * * *
You feel drained.
You closely miss the kobold brigand.
The kobold brigand is heavily wounded.
The kobold hits you but does no damage. x2
The kobold brigand barely misses you.
You hit the kobold brigand.
The kobold brigand is severely wounded.
The kobold hits you but does no damage. The kobold barely misses you.
The kobold brigand hits you with a +1 dagger of draining.
* * * LOW HITPOINT WARNING * * *
You feel drained.
* * * LOW HITPOINT WARNING * * *
It was a potion of mutation.
You feel extremely strange.
You feel clumsy.
You feel stronger. The kobold barely misses you. x2
The kobold brigand hits you with a +1 dagger of draining.
* * * LOW HITPOINT WARNING * * *
You feel drained.
It was a potion of magic.
Magic courses through your body. The kobold barely misses you.
The kobold hits you but does no damage. The kobold brigand barely misses you.
It was a potion of cancellation.
You feel magically purged. The kobold barely misses you. The kobold misses you.
The kobold brigand hits you but does no damage.
You feel drained.
As you read the scroll labelled POETEN CEN ICS, it crumbles to dust.
It is a scroll of amnesia.
You feel forgetful for a moment. The kobold hits you with a +0 club.
* * * LOW HITPOINT WARNING * * *
The kobold hits you but does no damage.
The kobold brigand hits you but does no damage.
You feel drained.
As you read the scroll labelled ZUN CIEDUE, it crumbles to dust.
It is a scroll of identify.
You don't currently have any unidentified items.
The kobold hits you with a +0 whip.
You die...

#### #..##### ...#...#
...#...##########
........##.....P######
...............P#....#
.P~P~.......~.~~'K...#
~~~~~P~~~...~~~~@K.∩.#
~~~~~~~~~...~~~~#K...#
#~~~~##########~######
~~~~~~~~~~~~~~~~~~
≈≈≈≈~≈≈≈≈≈~≈≈≈≈≈~≈#
~~~~~~~~~~~~~~~~~~#
#######~##############
~P..~~P~~P~~.~~~#)...#
~...~~~~~~....~)'..∩.#


You could see a kobold brigand and 2 kobolds.

Vanquished Creatures
  2 kobold brigands (Sewer)
  2 adders
  2 endoplasms (Sewer)
  12 kobolds
  3 ball pythons
  2 bats
  2 frilled lizards
  4 rats (Sewer)
29 creatures vanquished.

Vanquished Creatures (others)
  7 plants (Sewer)
7 creatures vanquished.

Grand Total: 36 creatures vanquished

Notes
Turn   | Place    | Note
-------+----------+-------------------------------------------
     0 | D:5      | flotson the Demonspawn Delver began the quest for the Orb.
     0 | D:5      | Reached XP level 1. HP: 18/18 MP: 1/1
   126 | D:5      | Gained mutation: You regenerate magic rapidly. [demonic
                  | ancestry]
   126 | D:5      | Reached XP level 2. HP: 22/24 MP: 2/2
   165 | D:5      | Found a staircase to the Ecumenical Temple.
   174 | Temple   | Entered the Ecumenical Temple
   250 | Temple   | Became a worshipper of Hepliaklqana the Forgotten
   326 | D:5      | Noticed a scorpion
   434 | D:3      | Found a glowing drain.
   442 | Sewer    | Entered a sewer
   689 | Sewer    | Reached XP level 3. HP: 28/29 MP: 3/3
   794 | Sewer    | Noticed a kobold brigand
   794 | Sewer    | Noticed a kobold brigand
   922 | Sewer    | Killed a kobold brigand
   923 | Sewer    | Reached skill level 1 in Throwing
   923 | Sewer    | Reached skill level 1 in Armour
   923 | Sewer    | Reached skill level 1 in Invocations
   923 | Sewer    | Reached skill level 1 in Evocations
   923 | Sewer    | Reached XP level 4. HP: 3/35 MP: 4/4
  1132 | Sewer    | Killed a kobold brigand
  1133 | Sewer    | Reached XP level 5. HP: 26/41 MP: 6/6
  1244 | Sewer    | Gained mutation: You are clumsy. (Dex -2) [potion of
                  | mutation]
  1244 | Sewer    | Gained mutation: Your muscles are strong. (Str +4, Int/Dex
                  | -1) [potion of mutation]
  1247 | Sewer    | HP: 1/26 [kobold/+0 club (1)]
  1248 | Sewer    | Slain by a kobold

Illustrated notes

Levels and vault maps discovered:
D:3:      layout_rooms, cheibrodos_sewer_entry_bend
D:4:      layout_gridville, dancing_weapons_uskayaw, uniq_natasha,
          uniq_blork_the_orc
D:5:      layout_basic, nicolae_overflow_hidden_temple, temple_statues,
          grunt_decor_cap, minmay_tree_intersection, grunt_ministairs_10
Temple:   regret_index_temple_generic_petals
Sewer:    kennysheep_pipe_town

Skill      XL: |  1  2  3 |
---------------+----------+-----
Axes           | 2 |  2.3
Dodging        | 2 |  2.3
Throwing       | 1 |  1.4
Armour         | 1 |  1.5
Invocations    | 1 |  1.9
Evocations     | 1 |  1.3
Fighting       | |  3.5
Stealth        | |  4.9

Action                   |  1- 3 |  4- 6 || total
-------------------------+-------+-------++-------
Melee: Hand axe          |     7 |       ||     7
       Dagger            |    79 |    42 ||   121
       Punch             |     1 |     1 ||     2
Throw: Dart              |     7 |       ||     7
  Use: Potion            |     3 |     5 ||     8
       Scroll            |     2 |     2 ||     4
Armor: Ring mail         |    48 |    38 ||    86
Dodge: Dodged            |    72 |    47 ||   119

Table legend: (Time is in decaauts)
 A = Elapsed time spent in this place.
 B = Non-inter-level travel time spent in this place.
 C = Inter-level travel time spent in this place.
 D = Time resting spent in this place.
 E = Time spent auto-exploring this place.
 F = Levels seen in this place.
 G = Mean time per level.
                   A        B        C        D        E       F      G
               +--------+--------+--------+--------+--------+-----+--------+
         Total |   1236 |   1195 |     41 |    135 |    630 |   5 |  247.2 |
       Dungeon |    328 |    327 |      1 |      0 |    169 |   3 |  109.3 |
        Temple |    116 |     76 |     40 |      0 |     65 |   1 |  116.0 |
         Sewer |    791 |    791 |      0 |    135 |    396 |   1 |  791.0 |
               +--------+--------+--------+--------+--------+-----+--------+

Top non-repeatable levels by time:
   Sewer: 791 daAuts
     D:5: 220 daAuts
  Temple: 116 daAuts
     D:3: 87 daAuts
     D:4: 20 daAuts
